PAAA
GRYFINDOR BRAVES @ SUNSET DISTRICT FOG
08/11/2026
 
TOP OF THE 1ST
Gryfindor Braves batting - Pitching for Sunset District Fog : RHP Dave Mitchell
Pitching: RHP Dave Mitchell
Batting: LHB Jack Schmitt 0-0: Ball
1-0: Ball
2-0: Called Strike
2-1: Foul Ball, location: 2F
2-2: Ball
3-2: Ground out U3 (Groundball, 34)
Batting: LHB José Corona 0-0: Ball
1-0: Ball
2-0: Swinging Strike
2-1: Called Strike
2-2: Ball
3-2: Strikes out swinging
Batting: SHB Salvador Trevino 0-0: Ball
1-0: Foul Ball, location: 2F
1-1: Ball
2-1: Fly out, F8 (Line Drive, 78M)
Top of the 1st over - 0 run(s), 0 hit(s), 0 error(s), 0 left on base; Gryfindor 0 - Sunset District 0
BOTTOM OF THE 1ST
Sunset District Fog batting - Pitching for Gryfindor Braves : RHP Bartolo Ramírez
Pitching: RHP Bartolo Ramírez
Batting: RHB Mariano Sánchez 0-0: Fly out, F8 (Flyball, 8RM)
Batting: LHB Bryce Reilly 0-0: Ball
1-0: Ball
2-0: Ball
3-0: Called Strike
3-1: SINGLE (Line Drive, 7LM)
Batting: SHB Albert Sánchez 0-0: Ball
1-0: SINGLE (Groundball, 34D)
Bryce Reilly to second
Runner from 2nd tries for 3rd, OUT!
Batting: LHB David Holbrook 0-0: Swinging Strike
0-1: Swinging Strike
0-2: Ball
1-2: Foul Ball, location: 2F
1-2: Ball
2-2: Ball
3-2: Strikes out swinging
Bottom of the 1st over - 0 run(s), 2 hit(s), 0 error(s), 1 left on base; Gryfindor 0 - Sunset District 0
TOP OF THE 2ND
Gryfindor Braves batting - Pitching for Sunset District Fog : RHP Dave Mitchell
Batting: SHB Fernando Sánchez 0-0: Ball
1-0: SINGLE (Groundball, 34D)
Batting: RHB Steve Duncan 0-0: DOUBLE (Line Drive, 78D)
Fernando Sánchez to third
Batting: RHB Ernesto Souza 0-0: Ball
1-0: Foul Ball, location: 2F
1-1: Ball
2-1: Swinging Strike
2-2: Strikes out swinging
Batting: LHB Michael Smith 0-0: Ball
1-0: Foul Ball, location: 2F
1-1: Fly out, F9 (Flyball, 9S)
Batting: SHB Emílio Gonzáles 0-0: Ball
1-0: Ball
2-0: Called Strike
2-1: SINGLE (Line Drive, 78S)
Fernando Sánchez scores
Steve Duncan to third
Runner from 3rd tries for Home, SAFE, no throw
Batting: RHB Bob McNeil 0-0: Called Strike
0-1: Called Strike
0-2: Ball
1-2: Ball
2-2: Strikes out looking
Top of the 2nd over - 2 run(s), 3 hit(s), 0 error(s), 1 left on base; Gryfindor 2 - Sunset District 0
BOTTOM OF THE 2ND
Sunset District Fog batting - Pitching for Gryfindor Braves : RHP Bartolo Ramírez
Batting: RHB Simon Yusaf Khel 0-0: Ground out 6-3 (Groundball, 6)
Batting: SHB Orlando Villa 0-0: Ball
1-0: Swinging Strike
1-1: Ball
2-1: Ball
3-1: DOUBLE (Line Drive, 9)
Batting: RHB José Vargas 0-0: Ball
1-0: Foul Ball, location: 2F
1-1: Ball
2-1: Ball
3-1: Foul Ball, location: 2F
3-2: Fly out, F5 (Line Drive, 5S)
Batting: SHB Esteban Lugo 0-0: Called Strike
0-1: Swinging Strike
0-2: Foul Ball, location: 2F
0-2: Ball
1-2: Ball
2-2: Strikes out swinging
Bottom of the 2nd over - 0 run(s), 1 hit(s), 0 error(s), 1 left on base; Gryfindor 2 - Sunset District 0
TOP OF THE 3RD
Gryfindor Braves batting - Pitching for Sunset District Fog : RHP Dave Mitchell
Batting: LHB Jack Schmitt 0-0: Ball
1-0: Foul Ball, location: 2F
1-1: Swinging Strike
1-2: Strikes out swinging
Batting: LHB José Corona 0-0: Ball
1-0: Foul Ball, location: 2F
1-1: Ground out 4-3 (Groundball, 4)
Batting: SHB Salvador Trevino 0-0: Fly out, F8 (Flyball, 89M)
Top of the 3rd over - 0 run(s), 0 hit(s), 0 error(s), 0 left on base; Gryfindor 2 - Sunset District 0
BOTTOM OF THE 3RD
Sunset District Fog batting - Pitching for Gryfindor Braves : RHP Bartolo Ramírez
Batting: RHB Ricardo Téllez 0-0: Called Strike
0-1: Swinging Strike
0-2: Strikes out swinging
Batting: RHB Mariano Sánchez 0-0: Called Strike
0-1: Called Strike
0-2: Strikes out swinging
Batting: LHB Bryce Reilly 0-0: Foul Ball, location: 2F
0-1: Ball
1-1: Ground out U3 (Groundball, 34)
Bottom of the 3rd over - 0 run(s), 0 hit(s), 0 error(s), 0 left on base; Gryfindor 2 - Sunset District 0
TOP OF THE 4TH
Gryfindor Braves batting - Pitching for Sunset District Fog : RHP Dave Mitchell
Batting: SHB Fernando Sánchez 0-0: Called Strike
0-1: Foul Ball, location: 2F
0-2: Fly out, F9 (Line Drive, 89M)
Batting: RHB Steve Duncan 0-0: Foul Ball, location: 2F
0-1: Foul Ball, location: 2F
0-2: Ball
1-2: Strikes out looking
Batting: RHB Ernesto Souza 0-0: Ball
1-0: Fly out, F7 (Flyball, 7)
Top of the 4th over - 0 run(s), 0 hit(s), 0 error(s), 0 left on base; Gryfindor 2 - Sunset District 0
BOTTOM OF THE 4TH
Sunset District Fog batting - Pitching for Gryfindor Braves : RHP Bartolo Ramírez
Batting: SHB Albert Sánchez 0-0: Called Strike
0-1: Called Strike
0-2: Foul Ball, location: 2F
0-2: Ball
1-2: Strikes out swinging
Batting: LHB David Holbrook 0-0: Called Strike
0-1: Ball
1-1: Fly out, F8 (Line Drive, 8LM)
Batting: RHB Simon Yusaf Khel 0-0: Fly out, F8 (Flyball, 8LD)
Bottom of the 4th over - 0 run(s), 0 hit(s), 0 error(s), 0 left on base; Gryfindor 2 - Sunset District 0
TOP OF THE 5TH
Gryfindor Braves batting - Pitching for Sunset District Fog : RHP Dave Mitchell
Batting: LHB Michael Smith 0-0: Foul Ball, location: 2F
0-1: Fly out, F9 (Flyball, 89D)
Batting: SHB Emílio Gonzáles 0-0: Ball
1-0: Ball
2-0: Ground out 4-3 (Groundball, 4)
Batting: RHB Bob McNeil 0-0: Ball
1-0: SINGLE (Groundball, 56D)
Batting: LHB Jack Schmitt 0-0: Called Strike
0-1: Ball
1-1: Ground out U3 (Groundball, 3)
Top of the 5th over - 0 run(s), 1 hit(s), 0 error(s), 1 left on base; Gryfindor 2 - Sunset District 0
BOTTOM OF THE 5TH
Sunset District Fog batting - Pitching for Gryfindor Braves : RHP Bartolo Ramírez
Batting: SHB Orlando Villa 0-0: Swinging Strike
0-1: Fly out, F7 (Flyball, 78M)
Batting: RHB José Vargas 0-0: Foul Ball, location: 2F
0-1: Ball
1-1: Ball
2-1: Ball
3-1: Called Strike
3-2: DOUBLE (Line Drive, 78D)
Batting: SHB Esteban Lugo 0-0: Fly out, F6 (Popup, 6MD)
Batting: RHB Ricardo Téllez 0-0: Ground out 6-3 (Groundball, 6)
Bottom of the 5th over - 0 run(s), 1 hit(s), 0 error(s), 1 left on base; Gryfindor 2 - Sunset District 0
TOP OF THE 6TH
Gryfindor Braves batting - Pitching for Sunset District Fog : RHP Dave Mitchell
Batting: LHB José Corona 0-0: Ball
1-0: Called Strike
1-1: Foul Ball, location: 2F
1-2: Fly out, F8 (Flyball, 8RM)
Batting: SHB Salvador Trevino 0-0: Ball
1-0: Foul Ball, location: 2F
1-1: Ball
2-1: Ball
3-1: Base on Balls
Batting: SHB Fernando Sánchez 0-0: Foul Ball, location: 2F
0-1: Ball
1-1: Ball
2-1: Ball
3-1: Swinging Strike
3-2: Strikes out swinging
Batting: RHB Steve Duncan 0-0: Called Strike
0-1: Called Strike
0-2: Foul Ball, location: 2F
0-2: Fielders Choice at 2nd, 4-6 (Groundball, 4)
Top of the 6th over - 0 run(s), 0 hit(s), 0 error(s), 0 left on base; Gryfindor 2 - Sunset District 0
BOTTOM OF THE 6TH
Sunset District Fog batting - Pitching for Gryfindor Braves : RHP Bartolo Ramírez
Batting: RHB Mariano Sánchez 0-0: Called Strike
0-1: Ball
1-1: Ground out 4-3 (Groundball, 4)
Batting: LHB Bryce Reilly 0-0: Swinging Strike
0-1: Called Strike
0-2: Ball
1-2: Ball
2-2: Ground out 4-3 (Groundball, 4)
Batting: SHB Albert Sánchez 0-0: Ball
1-0: Ball
2-0: Ball
3-0: Called Strike
3-1: Foul Ball, location: 2F
3-2: Strikes out swinging, 2-3 out at first.
Bottom of the 6th over - 0 run(s), 0 hit(s), 0 error(s), 0 left on base; Gryfindor 2 - Sunset District 0
TOP OF THE 7TH
Gryfindor Braves batting - Pitching for Sunset District Fog : RHP Dave Mitchell
Batting: RHB Ernesto Souza 0-0: Called Strike
0-1: Ball
1-1: Ground out 6-3 (Groundball, 6)
Batting: LHB Michael Smith 0-0: Called Strike
0-1: Swinging Strike
0-2: Strikes out swinging
Batting: SHB Emílio Gonzáles 0-0: Ball
1-0: Swinging Strike
1-1: Ball
2-1: Swinging Strike
2-2: Ball
3-2: Base on Balls
Batting: RHB Bob McNeil 0-0: Ball
1-0: Called Strike
Emílio Gonzáles steals 2nd base
1-1: Ball
2-1: Fly out, F9 (Flyball, 9LS)
Top of the 7th over - 0 run(s), 0 hit(s), 0 error(s), 1 left on base; Gryfindor 2 - Sunset District 0
BOTTOM OF THE 7TH
Sunset District Fog batting - Pitching for Gryfindor Braves : RHP Bartolo Ramírez
Batting: LHB David Holbrook 0-0: Ball
1-0: Called Strike
1-1: Ball
2-1: Ball
3-1: Ground out 4-3 (Groundball, 34)
Batting: RHB Simon Yusaf Khel 0-0: Ball
1-0: Foul Ball, location: 2F
1-1: Ground out 5-3 (Groundball, 5L)
Batting: SHB Orlando Villa 0-0: Ball
1-0: Fly out, F8 (Flyball, 8LM)
Bottom of the 7th over - 0 run(s), 0 hit(s), 0 error(s), 0 left on base; Gryfindor 2 - Sunset District 0
TOP OF THE 8TH
Gryfindor Braves batting - Pitching for Sunset District Fog : RHP Dave Mitchell
Pitching: LHP Finn Wuilink
Batting: LHB Jack Schmitt 0-0: Called Strike
0-1: Swinging Strike
0-2: Strikes out looking
Pitching: RHP Seb Alport
Batting: LHB José Corona 0-0: Swinging Strike
0-1: Ball
1-1: Called Strike
1-2: Strikes out looking
Batting: SHB Salvador Trevino 0-0: Ball
1-0: SINGLE (Flyball, 8LM)
Batting: SHB Fernando Sánchez 0-0: Called Strike
0-1: Ground out 1-3 (Groundball, P)
Top of the 8th over - 0 run(s), 1 hit(s), 0 error(s), 1 left on base; Gryfindor 2 - Sunset District 0
BOTTOM OF THE 8TH
Sunset District Fog batting - Pitching for Gryfindor Braves : RHP Bartolo Ramírez
Pitching: LHP Jim Unknown
Batting: RHB José Vargas 0-0: Swinging Strike
0-1: Foul Ball, location: 2F
0-2: Foul Ball, location: 2F
0-2: Ball
1-2: Strikes out swinging
Batting: SHB Esteban Lugo 0-0: Swinging Strike
0-1: Ball
1-1: Foul Ball, location: 2F
1-2: Foul Ball, location: 2F
1-2: Ground out 6-3 (Groundball, 6M)
Batting: RHB Ricardo Téllez 0-0: Called Strike
0-1: SOLO HOME RUN (Flyball, 7D), Distance : 405 ft
Batting: RHB Mariano Sánchez 0-0: Called Strike
0-1: Ball
1-1: Foul Ball, location: 2F
1-2: Ball
2-2: Foul Ball, location: 2F
2-2: Strikes out swinging
Bottom of the 8th over - 1 run(s), 1 hit(s), 0 error(s), 0 left on base; Gryfindor 2 - Sunset District 1
TOP OF THE 9TH
Gryfindor Braves batting - Pitching for Sunset District Fog : RHP Seb Alport
Pitching: RHP Júlio Saldaña
Batting: RHB Steve Duncan 0-0: Ball
1-0: Ball
2-0: Called Strike
2-1: Called Strike
2-2: Foul Ball, location: 2F
2-2: DOUBLE (Line Drive, 8LD)
Pitching: RHP Jim Unknown
Batting: RHB Ernesto Souza 0-0: Called Strike
0-1: Ball
1-1: Ground out 6-3 (Groundball, 6)
Steve Duncan to third
Batting: LHB Michael Smith 0-0: Intentional Walk
Pinch Hitting: LHB Ken Watanabe 0-0: Called Strike
0-1: Ball
1-1: Swinging Strike
1-2: Grounds into double play, 6-4-3 (Groundball, 6D)
Top of the 9th over - 0 run(s), 1 hit(s), 0 error(s), 1 left on base; Gryfindor 2 - Sunset District 1
BOTTOM OF THE 9TH
Sunset District Fog batting - Pitching for Gryfindor Braves : LHP Jim Unknown
Now at 2B: Tenshin Ichikawa
Pinch Hitting: RHB Jim Lee 0-0: Ball
1-0: Ground out 5-3 (Groundball, 56)
Pinch Hitting: RHB Rafael Durango 0-0: SINGLE (Groundball, 6MD)
Pinch Hitting: RHB Bryant Skelly 0-0: Foul Ball, location: 2F
0-1: Ball
1-1: Ball
2-1: Swinging Strike
2-2: Foul Ball, location: 2F
2-2: Grounds into double play, 4-6-3 (Groundball, 4)
Bottom of the 9th over - 0 run(s), 1 hit(s), 0 error(s), 0 left on base; Gryfindor 2 - Sunset District 1
Monday, March 20th, 2017 - OOTP Baseball 17.12 Build 75